 Dungeon Sprint DCSS version 0.19.4-9-g45fd643 (webtiles) character file.

2475 equalderp2856 the Ripper (level 9, -10/45 HPs)
             Began as a Felid Fighter on Feb 19, 2017.
             Was an Initiate of Gozag.
             Mangled by a two-headed ogre
             ... wielding a +0 giant spiked club
              (32 damage)
             ... in the Dungeon (Sprint VII: "The Pits").
             The game lasted 00:07:39 (2011 turns).

equalderp2856 the Ripper (Felid Fighter)            Turns: 2011, Time: 00:07:40

Health: -10/45     AC:  2    Str: 13    XL:     9   Next: 27%
Magic:  10/10      EV: 31    Int: 11    God:    Gozag
Gold:   693        SH:  0    Dex: 16    Spells: 0 memorised, 8 levels left
                                        Lives:  0   Deaths: 2

rFire  . . .     SeeInvis +       - Unarmed
rCold  . . .     Gourm    .     (armour unavailable)
rNeg   . . .     Faith    .     (shield unavailable)
rPois  .         Spirit   .     (helmet unavailable)
rElec  .         Reflect  .     (cloak unavailable)
rCorr  .         Harm     .     (gloves unavailable)
MR     +....     NoTele   +     (boots unavailable)
Stlth  +++++.....               (no amulet)
                                (no ring)
                                (no ring)

@: gold aura, quick
A: no armour, no weapons or thrown items, stealth, claws 1, fangs 3, see
invisible, carnivore 3, speed 1, shaggy fur 2, slow metabolism 1, sharp paws
a: Potion Petition, Call Merchant, Bribe Branch, Renounce Religion


You were in the Dungeon.
You worshipped Gozag.
Gozag was pleased with you.
You were not hungry.

You visited 1 branch You collected 693 gold pieces.

Inventory:

Hand Weapons
 q - a +0 club
 r - a +2 falchion of protection
Armour
 s - a +0 chain mail
Jewellery
 n - a +3 ring of strength
 o - a +3 ring of dexterity
Scrolls
 h - a scroll of blinking
 j - 3 scrolls of remove curse
 k - 5 scrolls of amnesia
 l - a scroll of summoning
Potions
 a - a potion of might
 c - 3 potions of curing
 d - 2 potions of heal wounds
 e - 2 potions of haste
 f - 4 potions of magic
 g - 2 potions of berserk rage
 i - 2 potions of invisibility
 m - 3 potions of brilliance
 p - a potion of cure mutation
Comestibles
 b - 8 meat rations


   Skills:
 + Level 8.5 Fighting
 + Level 15.6 Dodging
 + Level 9.0 Stealth
 + Level 16.8 Unarmed Combat


You had 8 spell levels left.
You didn't know any spells.

Dungeon Overview and Level Annotations

Branches:
Dungeon (1/1)

Altars:
Ashenzari
Cheibriados
Dithmenos
Elyvilon
Fedhas
Gozag
Hepliaklqana
Kikubaaqudgha
Makhleb
Nemelex Xobeh
Okawaru
Qazlal
Ru
Sif Muna
Trog
Uskayaw
Vehumet
Xom
Yredelemnul
Zin
The Shining One
Beogh
Jiyva
Lugonu


Innate Abilities, Weirdness & Mutations

You cannot wear armour.
You are incapable of wielding weapons or throwing items.
Your paws allow you to move quietly. (Stealth)
You have sharp claws.
You have razor-sharp teeth.
You have supernaturally acute eyesight. (SInv)
You are carnivorous and can eat meat at any time.
You cover ground quickly.
You are covered in thick fur. (AC +2)
You have a slow metabolism.
Your sharp claws are effective at attacking unaware monsters.


Message History

You barely miss the two-headed ogre. You bite the two-headed ogre.
The two-headed ogre is heavily wounded.
The two-headed ogre completely misses you. x2
The shadow imp sputters.
A kobold and a smoke demon come into view.
The kobold is wielding a short sword of flaming.
The smoke demon roars!
You scratch the two-headed ogre.
You bite the two-headed ogre, but do no damage.
The two-headed ogre is severely wounded.
You hear a shout!
The wind drake is no longer distracted by gold.
The hill giant is no longer distracted by gold.
The kobold moves out of view.
You scratch the two-headed ogre.
The two-headed ogre is almost dead.
The two-headed ogre hits you with a giant spiked club!!
Ouch! That really hurt!
You die...
Your body crumbles into a pile of gold.

####)'######
..##('##########
..##......'..'..
..##.(....'..'.
..##...).##..## #
..##...###....### .#
..##..##........## 3###
..##''#...#..#...#x4Z.#.
####............@OsKC.'.
####''#...#..#...#5K..#.
[[##..##........## K###
[[##...###....### .#
))##.....##..## #
))###.....'..+ ))#
###...'..+ ### #######


You could see a hill giant, a kobold demonologist, a smoke demon, a two-headed
ogre, a chaos spawn, a big kobold, a small abomination, a scorpion, a shadow
imp, a kobold and a leopard gecko skeleton.

Vanquished Creatures
  An unseen horror (D)
  An orc knight (D)
  A lindwurm (D)
  A manticore (D)
  A rime drake (D)
  A komodo dragon (D)
  A freezing wraith (D)
  A kobold demonologist (D)
  A snapping turtle (D)
  A flying skull (D)
  2 redbacks (D)
  2 vampire mosquitoes (D)
  A mottled dragon (D)
  3 orc warriors (D)
  2 ogres (D)
  An orc wizard (D)
  Terence (D)
  2 worker ants (D)
  A white imp (D)
  An ufetubus (D)
  2 adder zombies (D)
  7 orcs (D)
  A hobgoblin (D)
  15 jackals (D)
  A quokka (D)
  A bat (D)
  2 goblins (D)
  A leopard gecko skeleton (D)
56 creatures vanquished.

Notes
Turn   | Place    | Note
-------+----------+-------------------------------------------
     0 | D        | equalderp2856 the Felid Fighter began the quest for the Orb.
     0 | D        | Reached XP level 1. HP: 10/10 MP: 2/2
   274 | D        | Noticed a worker ant
   289 | D        | Killed a worker ant
   289 | D        | Reached skill level 5 in Dodging
   289 | D        | Reached skill level 6 in Unarmed Combat
   289 | D        | Reached XP level 2. HP: 8/15 MP: 3/3
   289 | D        | Reached XP level 3. HP: 9/18 MP: 4/4
   480 | D        | Found a radiant altar of Vehumet.
   480 | D        | Found a hide-covered altar of Uskayaw.
   480 | D        | Found an ancient bone altar of Kikubaaqudgha.
   480 | D        | Found a viscous altar of Jiyva.
   480 | D        | Found a hazy altar of Hepliaklqana.
   481 | D        | Found a bloodstained altar of Trog.
   481 | D        | Found a deep blue altar of Sif Muna.
   481 | D        | Found a sacrificial altar of Ru.
   481 | D        | Found a stormy altar of Qazlal.
   481 | D        | Found an iron altar of Okawaru.
   481 | D        | Found a sparkling altar of Nemelex Xobeh.
   481 | D        | Found an opulent altar of Gozag.
   481 | D        | Found a blossoming altar of Fedhas.
   481 | D        | Found a white marble altar of Elyvilon.
   481 | D        | Found a shadowy altar of Dithmenos.
   481 | D        | Found a snail-covered altar of Cheibriados.
   482 | D        | Found a glowing golden altar of the Shining One.
   482 | D        | Found a glowing silver altar of Zin.
   483 | D        | Found a burning altar of Makhleb.
   483 | D        | Found a basalt altar of Yredelemnul.
   483 | D        | Found a roughly hewn altar of Beogh.
   484 | D        | Found a corrupted altar of Lugonu.
   484 | D        | Found a shimmering altar of Xom.
   484 | D        | Found a shattered altar of Ashenzari.
   583 | D        | Reached skill level 7 in Unarmed Combat
   583 | D        | Reached XP level 4. HP: 16/22 MP: 5/5
   723 | D        | Noticed an orc warrior
   739 | D        | Noticed a flying skull
   748 | D        | Killed an orc warrior
   748 | D        | Reached skill level 5 in Fighting
   748 | D        | Reached skill level 9 in Unarmed Combat
   748 | D        | Reached XP level 5. HP: 16/26 MP: 6/6
   763 | D        | Killed a flying skull
   763 | D        | Reached skill level 10 in Dodging
   763 | D        | Reached skill level 10 in Unarmed Combat
   763 | D        | Gained mutation: You are covered in thick fur. (AC +2) [Felid growth]
   763 | D        | Reached XP level 6. HP: 31/31 MP: 7/7
   765 | D        | Noticed Terence
   765 | D        | Reached skill level 11 in Unarmed Combat
   781 | D        | Killed Terence
   843 | D        | Noticed a rime drake
   845 | D        | Killed a rime drake
   845 | D        | Reached skill level 5 in Stealth
   845 | D        | Reached skill level 12 in Unarmed Combat
   845 | D        | Reached XP level 7. HP: 35/35 MP: 8/8
   871 | D        | Noticed a lindwurm
   871 | D        | Noticed a komodo dragon
   915 | D        | Killed from afar by a lindwurm
   916 | D        | Reached XP level 6. HP: -5/31 MP: 7/7
   926 | D        | HP: 1/31 [lindwurm/blast of flame (30)]
   933 | D        | Killed a lindwurm
   933 | D        | Reached skill level 13 in Unarmed Combat
   933 | D        | Reached XP level 7. HP: 9/36 MP: 8/8
  1136 | D        | Killed a komodo dragon
  1136 | D        | Reached skill level 14 in Unarmed Combat
  1136 | D        | Reached XP level 8. HP: 40/40 MP: 9/9
  1238 | D        | Noticed an unseen horror
  1273 | D        | Killed an unseen horror
  1303 | D        | Noticed a kobold demonologist
  1304 | D        | Noticed an orc knight
  1304 | D        | Noticed a kobold demonologist
  1362 | D        | Noticed a smoke demon
  1363 | D        | Killed a kobold demonologist
  1514 | D        | Noticed a death yak
  1515 | D        | Noticed a wind drake
  1630 | D        | Became a worshipper of Gozag Ym Sagoz the Greedy
  1664 | D        | Noticed a freezing wraith
  1665 | D        | Noticed a snapping turtle
  1666 | D        | Reached skill level 15 in Unarmed Combat
  1698 | D        | Killed a freezing wraith
  1698 | D        | Reached XP level 9. HP: 29/44 MP: 10/10
  1913 | D        | Shot with a bolt by an orc knight
  1914 | D        | Reached XP level 8. HP: -5/40 MP: 9/9
  1939 | D        | Killed an orc knight
  1939 | D        | Reached skill level 15 in Dodging
  1939 | D        | Reached skill level 16 in Unarmed Combat
  1989 | D        | Noticed a two-headed ogre
  1993 | D        | Noticed a manticore
  2002 | D        | Killed a manticore
  2002 | D        | Reached XP level 9. HP: 43/45 MP: 10/10
  2003 | D        | Noticed a hill giant
  2008 | D        | Noticed a rust devil
  2010 | D        | Noticed a smoke demon
  2011 | D        | Mangled by a two-headed ogre

Skill      XL: |  1  2  3  4  5  6  7  8  9 |
---------------+----------------------------+-----
Fighting       | 4 5 6 7 8 |  8.5
Dodging        | 5 6 8 10 12 13 15 | 15.6
Unarmed Combat | 6 7 9 10 13 14 16 | 16.8
Stealth        | 2 3 6 7 9 |  9.0

Action                   |  1- 3 |  4- 6 |  7- 9 || total
-------------------------+-------+-------+-------++-------
Melee: Unarmed           |    65 |    61 |   125 ||   251
       Bite              |     6 |     9 |     5 ||    20
       Punch             |     3 |     3 |     9 ||    15
  Use: Potion            |     1 |     5 |     9 ||    15
 Stab: Sleeping          |       |     2 |       ||     2
       Distracted        |       |       |     2 ||     2
Armor: Skin              |     4 |     2 |     3 ||     9
Dodge: Dodged            |    76 |    48 |   111 ||   235
